 Seeded DCSS version 0.31-a0-981-geadf994542 (webtiles) character file.

Game seed: 3750692958195715484 (custom seed)

24257 Hubris850 the Fencer (level 13, -5/96 HPs)
             Began as a Merfolk Gladiator on Oct 31, 2023.
             Was a High Priest of Sif Muna.
             Slain by a five-headed hydra (7 damage)
             ... on level 5 of the Lair of Beasts.
             The game lasted 00:44:29 (16363 turns).

Hubris850 the Fencer (Merfolk Gladiator)           Turns: 16363, Time: 00:44:30

Health: -5/96      AC: 11    Str: 15    XL:     13   Next: 12%
Magic:  16/22      EV: 20    Int: 17    God:    Sif Muna [*****.]
Gold:   585        SH:  0    Dex: 27    Spells: 16/25 levels left

rFire   . . .        O - +4 double sword of the Ninety-Nine Seas {pain, Dex+2}
rCold   . . .        (no shield)
rNeg    + + .        F - +1 acid dragon scales
rPois   .            A - +0 helmet
rElec   .            a - +0 cloak
rCorr   +            C - +0 pair of gloves "Pistuido" {rN+ Int+5 Dex-2}
SInv    .            (no boots)
Will    +....        (no amulet)
Stlth   ++           D - ring of Ibagadd {rCorr Dex+6}
HPRegen 0.36/turn    m - ring of Ruqudghu {rN+ Will+ Dex+6}
MPRegen 0.18/turn

%: no passive effects
@: no status effects
A: (nimble swimmer 2), mertail
a: Renounce Religion, Channel Magic, Forget Spell, Divine Exegesis


You were on level 5 of the Lair of Beasts.
You worshipped Sif Muna.
Sif Muna was extremely pleased with you.
You visited 2 branches of the dungeon, and saw 14 of its levels.

You collected 925 gold pieces.
You spent 340 gold pieces at shops.

Inventory:

Hand Weapons
 y - the +7 staff of the Meek {protect, meekguard}
   (You found it on level 3 of the Dungeon)
 O - the +4 double sword of the Ninety-Nine Seas (weapon) {pain, Dex+2}
   (You bought it in a shop on level 1 of the Dungeon)

   Dex+2:     It affects your dexterity (+2).
 Z - the +11 quarterstaff of Integrity {distort, Str+3 Dex+4}
   (You found it on level 9 of the Dungeon)

   Str+3:     It affects your strength (+3).
   Dex+4:     It affects your dexterity (+4).
Missiles
 d - 3 throwing nets
 e - 3 javelins
 h - 10 boomerangs (quivered)
 N - 3 poisoned darts
Armour
 a - a +0 cloak (worn)
 A - a +0 helmet (worn)
 C - the +0 pair of gloves "Pistuido" (worn) {rN+ Int+5 Dex-2}
   (You found it on level 9 of the Dungeon)

   Int+5:     It affects your intelligence (+5).
   Dex-2:     It affects your dexterity (-2).
   rN+:       It protects you from negative energy.
 F - +1 acid dragon scales (worn)
Jewellery
 m - the ring of Ruqudghu (right hand) {rN+ Will+ Dex+6}
   (You acquired it on level 8 of the Dungeon)

   [ring of dexterity]

   Dex+6:     It affects your dexterity (+6).
   rN+:       It protects you from negative energy.
   Will+:     It increases your willpower.
 q - a ring of see invisible
 D - the ring of Ibagadd (left hand) {rCorr Dex+6}
   (You found it on level 2 of the Lair of Beasts)

   [ring of resist corrosion]

   Dex+6:     It affects your dexterity (+6).
   rCorr:     It protects you from acid and corrosion.
Wands
 b - a wand of flame (13)
 c - a wand of digging (8)
 z - a wand of mindburst (18)
 I - a wand of polymorph (17)
 T - a wand of quicksilver (12)
 W - a wand of iceblast (4)
Scrolls
 f - 3 scrolls of blinking
 i - 2 scrolls of identify
 n - 2 scrolls of teleportation
 U - a scroll of summoning
Potions
 g - a potion of might
 j - a potion of magic
 k - 3 potions of haste
 E - 2 potions of berserk rage
 K - 2 potions of curing
 L - 2 potions of cancellation
 M - a potion of heal wounds
 R - 4 potions of ambrosia


   Skills:
 + Level 7.2 Fighting
 - Level 16.0 Long Blades
 - Level 3.0 Throwing
 + Level 4.0 Armour
 + Level 9.3 Dodging
 - Level 6.5 Spellcasting
 - Level 7.0 Necromancy
 - Level 2.0 Transmutations
 - Level 2.0 Air Magic
 - Level 6.5 Poison Magic
 - Level 4.0 Evocations


You had 16 spell levels left.
You knew the following spells:

 Your Spells              Type           Power      Damage    Failure   Level
b - Poisonous Vapours     Pois/Air       40%        N/A       4%          2
c - Olgreb's Toxic Radia  Pois           27%        N/A       11%         4
d - Vampiric Draining     Necr           29%        2d8       2%          3

Your spell library contained the following spells:

 Spells                   Type           Power      Damage    Failure   Level
 Sting                    Tmut/Pois      80%        1d7       2%          1
 Mephitic Cloud           Conj/Pois/Air  15%        N/A       16%         3
 Magic Dart               Conj           20%        1d4       17%         1
 Slow                     Hex            20%        N/A       17%         1
 Summon Small Mammal      Summ           20%        N/A       17%         1
 Passwall                 Tmut/Erth      6%         N/A       17%         2
 Static Discharge         Conj/Air       16%        3-4/arc   17%         2
 Blink                    Tloc           10%        N/A       26%         2
 Call Imp                 Summ           10%        N/A       26%         2
 Lesser Beckoning         Tloc           10%        N/A       26%         2
 Momentum Strike          Conj/Tloc      10%        3d8       26%         2
 Call Canine Familiar     Summ           5%         N/A       45%         3
 Confusing Touch          Hex            5%         N/A       45%         3
 Gell's Gravitas          Tloc           5%         N/A       45%         3
 Inner Flame              Hex/Fire       5%         N/A       45%         3
 Sigil of Binding         Hex            5%         N/A       45%         3
 Stone Arrow              Conj/Erth      10%        3d7       45%         3
 Summon Guardian Golem    Hex/Summ       5%         N/A       45%         3
 Airstrike                Air            6%         2d(1-17)  58%         4
 Summon Lightning Spire   Summ/Air       8%         N/A       73%         4
 Borgnjor's Vile Clutch   Necr/Erth      8%         N/A       73%         5
 Animate Armour           Summ/Erth      10%        N/A       86%         4
 Cause Fear               Hex            2%         N/A       86%         4
 Dimensional Bullseye     Hex/Tloc       2%         N/A       86%         4
 Flame Wave               Conj/Fire      5%         2d5       86%         4
 Leda's Liquefaction      Hex/Erth       2%         N/A       86%         4
 Sticky Flame             Conj/Fire      5%         2d3       86%         4
 Fireball                 Conj/Fire      2%         3d4       99%         5
 Dispersal                Tloc           2%         N/A       100%        6
 Disjunction              Tloc           2%         N/A       100%        8
 Lehudib's Crystal Spear  Conj/Erth      2%         10d2      100%        8
 Dragon's Call            Summ           2%         N/A       100%        9


Dungeon Overview and Level Annotations

Branches:
Dungeon (9/15)             Temple (0/1) D:5            Lair (5/5) D:9
 Shoals (0/4) Lair:2        Snake (0/4) Lair:3          Orc (0/2) D:9
  Slime: Lair:4-5

Altars:
Ashenzari
Cheibriados
Dithmenos
Elyvilon
Fedhas
Kikubaaqudgha
Okawaru
Qazlal
Sif Muna
Trog
Uskayaw

Shops:
D:1 *   D:4 *   D:7 [


Innate Abilities, Weirdness & Mutations

((You are very nimble when in or above water. (Stealth+, EV+, Speed+++)))
Your lower body shifts to a powerful aquatic tail in water.


Message History

The five-headed hydra resists with almost no effort.
The five-headed hydra closely misses you.
The five-headed hydra misses you.
The five-headed hydra barely misses you.
The five-headed hydra closely misses you.
The five-headed hydra bites you but does no damage.
Aiming: Polymorph
Press: ? - help, Shift-Dir - straight line, f/p - five-headed hydra
Aim: a five-headed hydra (lightly wounded, will become an anaconda, a ghost moth, or a komodo dragon, chance to affect: 25%)
The five-headed hydra resists with almost no effort.
The five-headed hydra bites you.
The five-headed hydra bites you but does no damage.
The five-headed hydra bites you!
* * * LOW HITPOINT WARNING * * *
The five-headed hydra bites you!
* * * LOW HITPOINT WARNING * * *
The five-headed hydra bites you but does no damage.
Unknown command.
Aiming: Quicksilver Bolt
Press: ? - help, Shift-Dir - straight line, f/p - five-headed hydra
Aim: a five-headed hydra (lightly wounded, 91% to hit)
The bolt of dispelling energy hits the five-headed hydra!!
The five-headed hydra is heavily wounded.
The five-headed hydra closely misses you.
The five-headed hydra misses you. The five-headed hydra bites you.
* * * LOW HITPOINT WARNING * * *
The five-headed hydra bites you but does no damage. x2
The elephant barely misses you. x2
Aiming: Quicksilver Bolt
Press: ? - help, Shift-Dir - straight line, f/p - five-headed hydra
Aim: a five-headed hydra (heavily wounded, 91% to hit)
The bolt of dispelling energy hits the five-headed hydra!!
The five-headed hydra is severely wounded.
The five-headed hydra closely misses you.
The five-headed hydra bites you.
* * * LOW HITPOINT WARNING * * *
The five-headed hydra bites you!
* * * LOW HITPOINT WARNING * * *
The five-headed hydra bites you!
You die...

P....#.......#
###...#......# ...##
.####..†.....# ....
..###..#.....# ...#
...###...##### ##...
...##..#..##.......###
...###....##..S#.#..P#
#####......#..lY.D...#
###.#......#####@....#
##..###.#.........####
.....#####P.....P##
.....).#####.P.###
........# #####
........## ..........
.......... ..........


You could see a five-headed hydra, an elephant (very poisoned), a basilisk (very
poisoned) and a water moccasin.

Vanquished Creatures
  Fannar (Lair:1)
  A boulder beetle (Lair:3)
  Pikel (D:8)
  A salamander (Lair:3)
  6 elephants
  A merfolk siren (Lair:2)
  A torpor snail (Lair:3)
  12 cane toads
  Maggie (D:8)
  4 black mambas
  Jeremiah (D:8)
  3 rime drakes
  5 komodo dragons
  A troll (D:7)
  2 polar bears (Lair:2)
  Prince Ribbit (D:9)
  A blink frog (Lair:5)
  Sigmund (D:5)
  A shadow (D:9)
  A wraith (D:7)
  Eustachio (D:5)
  4 wyverns
  25 yaks
  2 basilisks
  2 steam dragons
  3 wargs (D:9)
  3 nagas (Lair:3)
  9 water moccasins
  An acid dragon (D:5)
  2 orc warriors (D:8)
  2 sky beasts
  An ogre (D:5)
  2 black bears
  An ice beast (D:6)
  2 wolves (Lair:2)
  2 centaurs
  A phantom (D:5)
  17 bullfrogs
  2 scorpions
  4 wights (D:8)
  8 killer bees
  2 howler monkeys
  An electric eel (Lair:2)
  2 hounds (D:5)
  7 orc priests
  2 jellies
  3 sleepcaps
  2 gnoll boudas
  5 iguanas
  5 orc wizards
  Ijyb (D:3)
  14 gnolls
  2 adders
  2 shadow imps
  A white imp (D:6)
  2 ufetubi (D:6)
  3 worms
  A dart slug (D:2)
  28 orcs
  6 ball pythons
  5 endoplasms
  A giant cockroach (D:3)
  6 goblins
  6 hobgoblins
  2 jackals (D:1)
  3 quokkas
  7 bats
  5 frilled lizards
  6 kobolds
  5 rats
275 creatures vanquished.

Vanquished Creatures (collateral kills)
  A troll (D:9)
  A yak (D:9)
2 creatures vanquished.

Vanquished Creatures (others)
  An arcanist (D:5)
1 creature vanquished.

Grand Total: 278 creatures vanquished

Notes
Turn   | Place    | Note
-------+----------+-------------------------------------------
     0 | D:1      | Hubris850 the Merfolk Gladiator began the quest for the
                  | Orb.
     0 | D:1      | Reached XP level 1. HP: 16/16 MP: 1/1
   104 | D:1      | Reached XP level 2. HP: 23/23 MP: 2/2
   323 | D:1      | Found a faded altar of an unknown god.
   330 | D:1      | Reached skill level 4 in Long Blades
   332 | D:1      | Prayed at the altar of an unknown god.
   332 | D:1      | Became a worshipper of Sif Muna the Loreminder
   332 | D:1      | Reached * piety under Sif Muna
   444 | D:1      | Found Casaonle's Assorted Antiques.
   495 | D:1      | Reached XP level 3. HP: 28/28 MP: 3/3
  1575 | D:3      | Reached ** piety under Sif Muna
  1677 | D:3      | Reached XP level 4. HP: 23/35 MP: 4/4
  1703 | D:3      | Reached skill level 5 in Long Blades
  1835 | D:3      | Noticed a sky beast
  1848 | D:3      | Killed a sky beast
  1849 | D:3      | Reached skill level 6 in Long Blades
  1849 | D:3      | Reached XP level 5. HP: 34/41 MP: 5/5
  1888 | D:3      | Found a stormy altar of Qazlal.
  2220 | D:3      | Reached skill level 1 in Spellcasting
  2220 | D:3      | Reached XP level 6. HP: 16/47 MP: 5/7
  2347 | D:3      | Found the +7 staff of the Meek {protect, meekguard}
  2406 | D:3      | Noticed Ijyb
  2415 | D:3      | Killed Ijyb
  2592 | D:3      | Learned a level 1 spell: Sting
  2624 | D:3      | Reached skill level 1 in Transmutations
  2811 | D:4      | Found an ancient bone altar of Kikubaaqudgha.
  2847 | D:4      | Found a broken altar of Ashenzari.
  2888 | D:4      | Reached skill level 7 in Long Blades
  2888 | D:4      | Reached skill level 1 in Poison Magic
  3040 | D:4      | Found Vuomuazua's Lightly-Used Armoury.
  3215 | D:4      | Learned a level 2 spell: Poisonous Vapours
  3364 | D:4      | Found a snail-covered altar of Cheibriados.
  3451 | D:5      | Entered Level 5 of the Dungeon
  3451 | D:5      | Noticed an acid dragon
  3471 | D:5      | Killed an acid dragon
  3472 | D:5      | Reached XP level 7. HP: 17/52 MP: 10/10
  3772 | D:5      | Reached skill level 1 in Air Magic
  3808 | D:5      | Noticed Eustachio
  3826 | D:5      | Killed Eustachio
  3837 | D:5      | Noticed Sigmund
  3851 | D:5      | Killed Sigmund
  3852 | D:5      | Reached skill level 8 in Long Blades
  3852 | D:5      | Reached XP level 8. HP: 31/58 MP: 11/13
  4086 | D:5      | Found a staircase to the Ecumenical Temple.
  4364 | D:5      | Found a bloodstained altar of Trog.
  4567 | D:5      | Noticed an arcanist
  4569 | D:5      | Killed an arcanist
  4846 | D:6      | Reached *** piety under Sif Muna
  5191 | D:6      | Found a white marble altar of Elyvilon.
  5200 | D:6      | Reached skill level 9 in Long Blades
  5200 | D:6      | Reached skill level 5 in Poison Magic
  5243 | D:6      | Reached XP level 9. HP: 63/63 MP: 14/16
  5458 | D:6      | Reached skill level 5 in Spellcasting
  5574 | D:1      | Bought a bloodstained double sword for 340 gold pieces
  5574 | D:1      | Identified the +4 double sword of the Ninety-Nine Seas
                  | {pain, Dex+2} (You bought it in a shop on level 1 of the
                  | Dungeon)
  5580 | D:1      | Learned a level 4 spell: Olgreb's Toxic Radiance
  5710 | D:6      | Found a shadowy altar of Dithmenos.
  5785 | D:6      | Identified the +2 chain mail of Zaclisun {Will+ rCorr
                  | Dex-4}
  5865 | D:7      | Noticed a troll
  5868 | D:7      | Killed a troll
  6039 | D:7      | Reached skill level 10 in Long Blades
  6139 | D:7      | Found Wiucsoz's Antique Armour Shoppe.
  6621 | D:7      | Learned a level 3 spell: Vampiric Draining
  6673 | D:8      | Reached **** piety under Sif Muna
  6692 | D:8      | Noticed Pikel
  6700 | D:8      | Reached skill level 1 in Necromancy
  6832 | D:8      | Killed Pikel
  6833 | D:8      | Reached XP level 10. HP: 19/70 MP: 19/19
  7102 | D:8      | Noticed Maggie
  7123 | D:8      | Killed Maggie
  7124 | D:8      | Reached skill level 11 in Long Blades
  7720 | D:8      | Identified a scroll of acquirement
  7720 | D:8      | Identified the "Roass" (You acquired it on level 8 of the
                  | Dungeon)
  7720 | D:8      | Acquired the ring of Ruqudghu {rN+ Will+ Dex+6}
  7861 | D:8      | Noticed Jeremiah
  7884 | D:8      | Killed Jeremiah
  8056 | D:8      | Found a hide-covered altar of Uskayaw.
  8298 | D:9      | Reached skill level 12 in Long Blades
  8512 | D:9      | Reached skill level 5 in Necromancy
  8512 | D:9      | HP: 3/70 [warg (10)]
  8732 | D:9      | Found an iron altar of Okawaru.
  8754 | D:9      | Found a staircase to the Orcish Mines.
  8788 | D:9      | Identified the +11 quarterstaff of Integrity {distort,
                  | Str+3 Dex+4}
  8820 | D:9      | Found a blossoming altar of Fedhas.
  8901 | D:9      | Reached XP level 11. HP: 50/75 MP: 20/20
  8978 | D:9      | Reached skill level 13 in Long Blades
  9325 | D:9      | Reached ***** piety under Sif Muna
  9541 | D:9      | Found a staircase to the Lair.
  9549 | D:9      | Noticed Prince Ribbit
  9571 | D:9      | Killed Prince Ribbit
  9574 | D:9      | Identified the +0 pair of gloves "Pistuido" {rN+ Int+5
                  | Dex-2}
  9596 | Lair:1   | Entered Level 1 of the Lair of Beasts
  9919 | Lair:1   | Reached skill level 14 in Long Blades
  9975 | Lair:1   | Noticed Fannar
 10543 | Lair:1   | Killed Fannar
 10646 | Lair:1   | Reached skill level 15 in Long Blades
 11353 | Lair:2   | Identified the ring of Ibagadd {rCorr Dex+6}
 11556 | Lair:2   | Found a staircase to the Shoals.
 11886 | Lair:2   | Reached skill level 16 in Long Blades
 11886 | Lair:2   | Reached XP level 12. HP: 62/81 MP: 21/21
 11943 | Lair:2   | Found a shimmering blue altar of Sif Muna.
 12276 | Lair:2   | Identified the +4 trident "Egikay" {holy, rElec Stlth+}
 12319 | Lair:2   | Reached skill level 1 in Evocations
 12602 | Lair:2   | Reached skill level 1 in Armour
 13044 | Lair:3   | Identified the "Juth" (Sif Muna gifted it to you on level
                  | 3 of the Lair of Beasts)
 13044 | Lair:3   | Received a gift from Sif Muna
 13045 | Lair:3   | Reached skill level 5 in Dodging
 13968 | Lair:3   | Noticed a boulder beetle
 13978 | Lair:3   | Killed a boulder beetle
 13979 | Lair:3   | Reached skill level 5 in Fighting
 14276 | Lair:3   | Found a staircase to the Snake Pit.
 16053 | Lair:5   | Entered Level 5 of the Lair of Beasts
 16072 | Lair:5   | Reached XP level 13. HP: 90/95 MP: 22/22
 16363 | Lair:5   | HP: 2/96 [five-headed hydra (8)]
 16363 | Lair:5   | Slain by a five-headed hydra

Illustrated notes

Levels and vault maps discovered:
D:1:      saegor_arrival_simple_d, layout_basic, serial_shops,
          nicolae_shop_real_fake_doors, nicolae_ecumenical_snake_handling
D:2:      layout_basic, dk_vineyard_3
D:3:      layout_basic, nicolae_qazlal_beasts_of_the_sky,
          pf_guarded_unrand_meek, uniq_ijyb
D:4:      layout_cave_pools, kennysheep_mini, nicolae_ashenzari_skybound,
          mainiacjoe_overflow_boulevard, minmay_shop_damaged,
          hangedman_decor_growths
D:5:      wad_pebble_path, layout_basic, trog_wizard,
          minmay_temple_entry_drinking_statues, uniq_eustachio, uniq_sigmund
D:6:      layout_cave_pools, elyvilon_altar_3, nicolae_dithmenos_the_darkroom
D:7:      layout_loops_cross, serial_rivers, chequers_serial_rivers_small_b,
          chequers_serial_rivers_room_a, chequers_serial_rivers_micro_d,
          chequers_serial_rivers_room_a, serial_shops, shop
D:8:      layout_rooms, nicolae_uskayaw_dance_hall, uniq_pikel, uniq_maggie,
          uniq_jeremiah
D:9:      layout_grid_maze, mainiacjoe_overflow_tiny_flanked, marbit_many_paths,
          lair_entry_dummy, minmay_orc_entry_guard_dogs, uniq_prince_ribbit1
Lair:1:   layout_hall_layers, grunt_megastairs_1, infiniplex_staircase_pool_2,
          uniq_fannar
Lair:2:   layout_cellular_growth, minmay_shoals_entry_lonely_mermaid,
          basic_altar, st_stairs_7, serial_bayou_shore_a, serial_bayou_shore_b,
          wad_woods_river_01
Lair:3:   layout_regular_city, alex1729_snake_entry_snake, serial_bayou_shore_b
Lair:4:   layout_concentric_octagons
Lair:5:   guppyfry_lair_end_dragon, layout_layer_cave, hangedman_lair_in_review,
          slime_entry_2

Skill      XL: |  1  2  3  4  5  6  7  8  9 10 11 12 13 |
---------------+----------------------------------------+-----
Long Blades    | 4 6 7 8 9 10 12 16 | 16.0
Fighting       | 3 6 7 |  7.2
Throwing       | 3 |  3.0
Spellcasting   | 1 2 3 4 6 |  6.5
Transmutations | 2 |  2.0
Poison Magic   | 2 3 5 6 |  6.5
Air Magic      | 2 |  2.0
Necromancy     | 2 5 7 |  7.0
Evocations     | 4 |  4.0
Armour         | 3 4 |  4.0
Dodging        | 8 9 |  9.3

Action                     |  1- 3 |  4- 6 |  7- 9 | 10-12 | 13-15 || total
---------------------------+-------+-------+-------+-------+-------++-------
  Melee: Long sword        |    18 |       |       |       |       ||    18
         Dagger            |    71 |   154 |    55 |       |       ||   280
         Punch             |     2 |     1 |     1 |     4 |       ||     8
         Falchion          |       |       |   154 |       |       ||   154
         Double sword      |       |       |    94 |   451 |    27 ||   572
         Tailslap          |       |       |       |     9 |       ||     9
  Throw: Boomerang         |    10 |    11 |    31 |    23 |       ||    75
         Dart              |       |     2 |     1 |       |       ||     3
         Javelin           |       |       |       |     1 |       ||     1
   Cast: Sting             |       |     2 |       |       |       ||     2
         Olgreb's Toxic Ra |       |       |       |    14 |     3 ||    17
         Poisonous Vapours |       |       |       |     2 |       ||     2
  Evoke: Wand              |       |     2 |     3 |     6 |    11 ||    22
    Use: Scroll            |       |       |       |    28 |       ||    28
         Potion            |       |       |       |     5 |       ||     5
   Stab: Sleeping          |       |     1 |       |     3 |       ||     4
         Distracted        |       |       |       |     1 |       ||     1
 Armour: Ring mail         |    43 |    25 |       |       |       ||    68
         Leather armour    |     3 |    36 |       |       |       ||    39
         Acid dragon scale |       |       |   158 |   244 |    38 ||   440
         Skin              |       |       |     1 |       |       ||     1
  Dodge: Dodged            |    54 |    90 |   165 |   233 |    53 ||   595

Table legend: (Time is in decaauts)
 A = Elapsed time spent in this place.
 B = Non-inter-level travel time spent in this place.
 C = Inter-level travel time spent in this place.
 D = Time resting spent in this place.
 E = Time spent auto-exploring this place.
 F = Levels seen in this place.
 G = Mean time per level.
                   A        B        C        D        E       F      G
               +--------+--------+--------+--------+--------+-----+--------+
         Total |  16092 |  15454 |    638 |   3126 |   9981 |  14 | 1149.4 |
       Dungeon |   9765 |   9375 |    390 |   1935 |   5735 |   9 | 1085.0 |
          Lair |   6327 |   6079 |    248 |   1191 |   4246 |   5 | 1265.4 |
               +--------+--------+--------+--------+--------+-----+--------+

Top non-repeatable levels by time:
  Lair:2: 1652 daAuts
     D:9: 1564 daAuts
     D:8: 1544 daAuts
  Lair:3: 1492 daAuts
  Lair:4: 1489 daAuts
     D:5: 1408 daAuts
  Lair:1: 1392 daAuts
     D:3: 1215 daAuts
     D:2: 892 daAuts
     D:7: 853 daAuts
     D:6: 839 daAuts
     D:4: 771 daAuts
     D:1: 674 daAuts
  Lair:5: 299 daAuts
